 Dungeon Crawl Stone Soup version 0.28-a0-793-g31680bbd8b (webtiles) character file.

Game seed: 16953675027302774114

4 ytrimaz the Skirmisher (level 1, 0/18 HPs)
             Began as a Demonspawn Fighter on Nov 3, 2021.
             Slain by an endoplasm (1 damage)
             ... on level 1 of the Dungeon.
             The game lasted 00:00:57 (129 turns).

ytrimaz the Skirmisher (Demonspawn Fighter)          Turns: 129, Time: 00:00:58

Health: 0/18       AC:  7    Str: 16    XL:     1   Next: 50%
Magic:  1/1        EV:  9    Int:  9    God:
Gold:   24         SH:  4    Dex: 12    Spells: 0/0 levels left

rFire   . . .      SeeInvis .   a - +0 rapier
rCold   . . .      Faith    .   c - +0 buckler
rNeg    . . .      Spirit   .   b - +0 scale mail
rPois   .          Reflect  .   (no helmet)
rElec   .          Harm     .   (no cloak)
rCorr   .          Rampage  .   f - +0 pair of gloves
Will    .....                   (no boots)
Stlth   ..........              (no amulet)
HPRegen 0.06/turn               (no ring)
MPRegen 0.07/turn               (no ring)

@: no status effects
A: no striking features
a: no special abilities


You were on level 1 of the Dungeon.
You visited 1 branch of the dungeon, and saw 1 of its levels.

You collected 24 gold pieces.

Inventory:

Hand Weapons
 a - a +0 rapier (weapon)
Armour
 b - a +0 scale mail (worn)
 c - a +0 buckler (worn)
 f - a +0 pair of gloves (worn)
Potions
 d - a potion of might


   Skills:
 * Level 3.0 Fighting
 * Level 1.8 Short Blades
 * Level 2.7 Armour
 * Level 0.1 Dodging
 * Level 2.8 Shields


You couldn't memorise any spells.
You didn't know any spells.
Your spell library was empty.

Dungeon Overview and Level Annotations

Branches:
Dungeon (1/15)

Altars:


Message History

You now have 24 gold pieces (gained 6).
A rat comes into view.
A rat is nearby!
A gnoll comes into view. It is wielding a +0 spear.
Found a stone staircase leading down.
The gnoll shouts!
You block the rat's attack.
You hit the rat but do no damage.
The gnoll hits you from afar with a +0 spear.
An endoplasm comes into view.
The rat misses you.
You puncture the rat!
You kill the rat!
The gnoll hits you from afar with a +0 spear.
You block the gnoll's attack.
As you read the scroll labelled XOEDUUWIJOT, it crumbles to dust.
You feel aware of your surroundings.
It was a scroll of magic mapping.
The gnoll hits you but does no damage. The gnoll barely misses you.
The endoplasm hits you but does no damage.
You barely miss the gnoll. You block the gnoll's attack.
The endoplasm barely misses you.
You barely miss the gnoll. The gnoll hits you with a +0 spear.
The endoplasm freezes you.
You are frozen.
* * * LOW HITPOINT WARNING * * *
You hit the gnoll.
The gnoll is moderately wounded.
You block the gnoll's attack. The endoplasm barely misses you.
The gnoll hits you but does no damage.
Unknown command.
You closely miss the gnoll.
The gnoll is lightly wounded.
The endoplasm closely misses you. The gnoll hits you with a +0 spear.
* * * LOW HITPOINT WARNING * * *
Unknown command.
The gnoll hits you from afar with a +0 spear.
* * * LOW HITPOINT WARNING * * *
The endoplasm hits you.
You die...

#.####..# #
#.##....# #
#.##.#.## *#
#.##...# **.
#.###..######***,.
#g# #........,,,,,
#.# #.#######***,,
#######J###.# **,
#......@....# **
#.###.#####.# *
*,* #.#
#.#**********
##.###.#
**#..,,,,,,,,,**
#.....J#
*,....,,,,^,,,,*
#..##..#
*,#.###******,,,
#,,....# *,#.#
*,,,,,,, *...#.##
*,*.# *,***,,,
#.....****,*,* *,*
*,,*


You could see a gnoll and an endoplasm.

Vanquished Creatures
  A bat (D:1)
  2 goblins (D:1)
  A rat (D:1)
4 creatures vanquished.

Notes
Turn   | Place    | Note
-------+----------+-------------------------------------------
     0 | D:1      | ytrimaz the Demonspawn Fighter began the quest for the Orb.
     0 | D:1      | Reached XP level 1. HP: 18/18 MP: 1/1
   129 | D:1      | Slain by an endoplasm

Illustrated notes

Levels and vault maps discovered:
D:1:      amcnicky_arrival_choice, layout_loops_ring

Action                   || total
-------------------------++-------
Melee: Rapier            ||    11
  Use: Scroll            ||     1
Armor: Scale mail        ||     9
Dodge: Dodged            ||    10
Block: Buckler           ||     5

Table legend: (Time is in decaauts)
 A = Elapsed time spent in this place.
 B = Non-inter-level travel time spent in this place.
 C = Inter-level travel time spent in this place.
 D = Time resting spent in this place.
 E = Time spent auto-exploring this place.
 F = Levels seen in this place.
 G = Mean time per level.
                   A        B        C        D        E       F      G
               +--------+--------+--------+--------+--------+-----+--------+
         Total |    130 |    130 |      0 |      0 |     51 |   1 |  130.0 |
       Dungeon |    130 |    130 |      0 |      0 |     51 |   1 |  130.0 |
               +--------+--------+--------+--------+--------+-----+--------+

Top non-repeatable levels by time:
     D:1: 130 daAuts
